Cogmind - Beta 14 @@@ ROGUE MODE // 2024.10.04 @ 17:33:56 Player: Lunace Result: Destroyed by S-27 Virus with Autogun Performance ------------- Evolutions (6) 3000 Regions Visited (20) 4000 Robots Destroyed (235) 1175 Value Destroyed (12698) 12698 Prototype IDs (27) 540 Alien Tech Used (0) 0 Bonus (6323) 6323 TOTAL SCORE: 27736 Bonus ------- High Alert Combat Kills 3330 Follower Combat Kills 593 Entered Garrisons 800 Entered DSFs 1000 Aligned with FarCom 300 Acquired ECA 300 Cogmind --------- Core Integrity 0/1150 Matter 290/300 Energy 99/100 System Corruption 11% Temperature Cool (0) Movement Core (50) Location -4/Upper Caves Parts ------- > --- POWER (2) -------- (None) > --- PROPULSION (6) --- (None) > --- UTILITY (8) ------ (None) > --- WEAPON (3) ------- Axe > --- INVENTORY (5) ---- Reinforced Fission Core Hypervelocity Gauss Cannon Heavy Gauss Cannon Improved Plasma Cutter Lance Peak State ------------ > --- POWER ------------ F-cell Engine Reinforced Fission Core > --- PROPULSION ------- Improved Heavy Treads Improved Heavy Treads Improved Heavy Treads > --- UTILITY ---------- Advanced Heat Sink Huge Storage Unit Improved Transmission Jammer Layered Heavy Armor Plating Improved Force Field Improved Hacking Suite Improved Hacking Suite > --- WEAPON ----------- Matter Neutralizer KE Penetrator Railgun > --- INVENTORY -------- Improved Deuterium Engine Light Fission Core Superbattery Matter Compressor Phase Shifter Layered Heavy Armor Plating Layered Heavy Armor Plating Layered Heavy Armor Plating Improved Shield Generator Remote Shield Improved Recalibrator Matter Neutralizer Matter Neutralizer Matter Neutralizer Matter Neutralizer Matter Neutralizer Hypervelocity Gauss Cannon Hypervelocity Gauss Cannon Hardcell Cannon Heavy Shock Bomb Launcher Improved Plasma Cutter Lance [Rating: 130] Favorites ----------- Power Particle Reactor Engine Deuterium Engine Power Core Reinforced Fission Core Reactor Particle Reactor Propulsion Improved Heavy Treads Treads Improved Heavy Treads Wheel Armored Huge Wheel Hover Unit Linear Gravjet Utility Large Storage Unit Device Advanced Heat Sink Storage Large Storage Unit Processor Machine Analyzer Hackware Improved Hacking Suite Protection Improved Heavy Armor Plating Weapon Proton Cannon Energy Gun Medium Laser Energy Cannon Proton Cannon Ballistic Gun Railgun Ballistic Cannon Bore Cannon Launcher Grenade Launcher Special Weapon Improved Plasma Cutter Impact Weapon Hammer Slashing Weapon Greatsword Piercing Weapon Lance Build | -11 -10 -10 -10 -9 -8 -8 -8 -8 -7 -7 -7 -7 -7 -7 -6 -5 -5 -4 -4 -4 ------- Run | Yrd Mat Min Exi Min Mat Gar Mat Gar Fac Gar Fac Gar Fac DSF Fac Fac DSF Fac Upp Upp Slots Evolved 12 | . . . . . 4 . . . 2 . . . . . 2 2 . 2 . . Power 1 | . . . . . . . . . . . . . . . 1 . . . . . Propulsion 4 | . . . . . 2 . . . . . . . . . . 2 . . . . Utility 6 | . . . . . 2 . . . 2 . . . . . . . . 2 . . Weapon 1 | . . . . . . . . . . . . . . . 1 . . . . . Parts Attached 205 | 7 10 2 1 . 19 6 5 29 10 31 . 15 1 12 19 4 13 7 3 11 Power 20 | 1 3 1 . . 2 . 1 2 1 1 . 3 . . 3 . 1 1 . . Engine 11 | 1 3 1 . . 2 . 1 . 1 . . . . . 1 . . 1 . . Core 5 | . . . . . . . . 2 . . . . . . 2 . 1 . . . Reactor 4 | . . . . . . . . . . 1 . 3 . . . . . . . . Propulsion 21 | 2 . . . . 5 . . 3 2 6 . . . . 2 1 . . . . Treads 11 | 2 . . . . 3 . . 1 . 2 . . . . 2 1 . . . . Leg . | . . . . . . . . . . . . . . . . . . . . . Wheel 7 | . . . . . 2 . . . 1 4 . . . . . . . . . . Hover 3 | . . . . . . . . 2 1 . . . . . . . . . . . Flight . | . . . . . . . . . . . . . . . . . . . . . Utility 72 | 2 4 . . . 8 2 3 5 5 7 . 4 1 5 7 2 7 5 1 4 Device 37 | 1 2 . . . 4 1 2 1 2 3 . 2 . 5 3 2 4 3 . 2 Storage 10 | 1 1 . . . 1 . . 2 . 2 . 1 1 . . . . . . 1 Processor 6 | . 1 . . . 2 . . . . . . . . . 2 . 1 . . . Hackware 4 | . . . . . . 1 . . . . . . . . . . 1 1 . 1 Protection 15 | . . . . . 1 . 1 2 3 2 . 1 . . 2 . 1 1 1 . Artifact . | . . . . . . . . . . . . . . . . . . . . . Weapon 92 | 2 3 1 1 . 4 4 1 19 2 17 . 8 . 7 7 1 5 1 2 7 Energy Gun 2 | 1 . . . . . . . 1 . . . . . . . . . . . . Energy Cannon 27 | . . . . . . . . 10 1 3 . 4 . 4 3 . 2 . . . Ballistic Gun 12 | 1 1 . . . . 1 . 2 . 3 . . . . 1 1 1 1 . . Ballistic Cannon 10 | . . 1 . . 1 . . 1 . 3 . . . . . . . . 1 3 Launcher 22 | . 2 . 1 . 1 2 1 5 . 3 . 2 . 1 3 . . . 1 . Special Weapon 1 | . . . . . . . . . . . . . . . . . . . . 1 Impact Weapon 3 | . . . . . 2 1 . . . . . . . . . . . . . . Slashing Weapon 2 | . . . . . . . . . . . . . . . . . . . . 2 Piercing Weapon 13 | . . . . . . . . . 1 5 . 2 . 2 . . 2 . . 1 Special Melee Weapon . | . . . . . . . . . . . . . . . . . . . . . Unidentified Prototypes 2 | . . . . . . . . . 1 . . . . . . . . 1 . . Parts Lost 36 | . 1 1 . . 1 4 . 4 . 5 . 2 . 1 10 . 2 . 1 4 Power 4 | . 1 1 . . . . . . . . . 1 . . 1 . . . . . Propulsion 7 | . . . . . . . . 2 . 1 . . . . 2 . . . 1 1 Utility 15 | . . . . . 1 2 . 2 . 2 . . . 1 3 . 2 . . 2 Weapon 10 | . . . . . . 2 . . . 2 . 1 . . 4 . . . . 1 Highest Loss Streak 5 | . 1 1 . . 1 2 . 2 . 3 . 1 . 1 5 . 2 . 1 1 To Critical Strikes . | . . . . . . . . . . . . . . . . . . . . . Average Slot Usage (%) 81 | . 98 95 100 85 82 73 78 80 79 85 76 76 76 76 76 74 74 78 71 58 Engine 5 | . 13 9 14 14 9 9 8 5 2 . . . . . 1 5 5 5 5 4 Core 1 | . . . . . . . . 3 2 . . . . . 7 5 5 5 5 4 Reactor 2 | . . . . . . . . . . 6 7 7 7 7 2 . . . . . Treads 12 | . 28 28 28 28 18 . . 3 . 5 15 15 15 15 13 17 17 15 11 5 Wheel 5 | . . . . . 6 18 18 13 3 8 . . . . . . . . . . Hover 1 | . . . . . . . . . 15 5 . . . . . . . . . . Device 13 | . 13 14 14 . 12 12 16 17 9 16 15 16 15 15 10 5 7 12 15 9 Storage 11 | . 14 14 14 14 9 9 9 10 15 14 15 13 15 15 13 11 11 7 5 8 Protection 5 | . . . . . 2 3 6 8 12 9 7 7 7 7 5 5 3 5 8 8 Energy Gun 1 | . 12 . . . . . . . 1 . . . . . . . . . . . Energy Cannon 5 | . . . . . . . . 10 . 4 15 13 7 13 13 . 4 5 2 . Ballistic Gun 3 | . 8 3 . . . 1 9 3 . 3 . . . . 4 9 7 10 9 4 Ballistic Cannon 2 | . . 10 14 14 8 7 . . 7 1 . . . . . . . . . 5 Launcher 3 | . 6 14 14 14 1 4 9 3 . 1 . . . . . 5 1 . 2 3 Peak Build Rating 130 | 7 7 11 12 12 40 41 41 53 66 86 86 89 89 89 97 103 112 130 130 121 Average Rating 59 | 5 6 9 11 11 27 37 37 38 58 72 86 85 89 87 88 99 105 127 121 100 On Entrance 60 | . 7 7 11 12 11 39 34 41 52 66 86 86 89 89 86 83 102 112 129 118 Naked Turns 27 | . . . . . . . . . . . . . . . . . . . . 27 Heaviest Build 197 | 14 31 38 38 38 59 63 45 55 72 104 104 104 134 139 150 136 157 168 194 197 Greatest Support 225 | 40 40 40 40 40 80 56 56 56 28 150 150 150 150 150 150 225 225 225 225 150 Greatest Overweight (x) 2 | . . . . . 1 1 . 2 2 2 . . . . . . . . 1 2 Average Overweight (x) . | . . . . . . . . . 1 1 . . . . . . . . . 1 Largest Inventory Capacity 25 | 8 15 15 15 15 15 15 15 15 15 20 20 20 25 25 25 25 25 25 25 25 Average Capacity 18 | 7 12 15 15 15 15 15 15 15 15 17 20 20 23 25 25 25 25 25 25 23 Most Carried 25 | 1 9 8 8 7 15 13 15 15 15 20 20 20 20 21 19 9 25 25 25 25 Average Carried 13 | . 4 6 7 7 10 11 12 11 13 15 20 19 19 19 12 8 13 22 23 23 Final Capacity 25 | 8 15 15 15 15 15 15 15 15 15 20 20 20 25 25 25 25 25 25 25 5 Final Carried 25 | . 8 7 7 7 13 11 15 14 13 20 20 19 20 19 10 9 25 24 25 5 Class Distribution -------------------- 73% | Mutant 8% | Scavenger-Tank 6% | Scavenger-Mutant 6% | Skirmisher 3% | Tank Dominant Class ---------------- Mutant | -10/Materials Mutant | -10/Mines Mutant | -10/Exiles Mutant | -9/Mines Mutant | -8/Materials Mutant | -8/Garrison Mutant | -8/Materials Mutant | -8/Garrison Mutant | -7/Factory Mutant | -7/Garrison Mutant | -7/Factory Mutant | -7/Garrison Mutant | -7/Factory Mutant | -7/DSF Skirmisher | -6/Factory Scavenger-Skirmisher | -5/Factory Scavenger-Mutant | -5/DSF Scavenger-Tank | -4/Factory Scavenger-Tank | -4/Upper Caves Tank | -4/Upper Caves Resources | -11 -10 -10 -10 -9 -8 -8 -8 -8 -7 -7 -7 -7 -7 -7 -6 -5 -5 -4 -4 -4 ----------- Run | Yrd Mat Min Exi Min Mat Gar Mat Gar Fac Gar Fac Gar Fac DSF Fac Fac DSF Fac Upp Upp Matter Collected 7266 | 280 232 302 62 . 804 650 563 600 276 921 . 207 . 140 660 . 552 224 275 518 Remotely . | . . . . . . . . . . . . . . . . . . . . . Salvage Created 9599 | 80 400 146 . . 761 481 393 1048 152 1793 . 998 . 147 1067 . 902 567 406 258 Parts 519 | 11 38 13 . . 50 33 31 53 10 68 . 60 . 7 53 . 32 32 14 14 Haulers Intercepted 6 | . 2 . . . 2 . 1 . . . . . . . 1 . . . . . Recyclers Shooed 2 | . . . . . . . . . . . . . . . 1 . . 1 . . Parts Field Recycled . | . . . . . . . . . . . . . . . . . . . . . Retrieved Matter . | . . . . . . . . . . . . . . . . . . . . . Parts Self-Destructed 31 | . . . . . . . . . . . . . . . . . . . 14 17 Prevented 5 | . . . . . . . . . . . . . . . . . . . 2 3 Kills | -11 -10 -10 -10 -9 -8 -8 -8 -8 -7 -7 -7 -7 -7 -7 -6 -5 -5 -4 -4 -4 ------- Run | Yrd Mat Min Exi Min Mat Gar Mat Gar Fac Gar Fac Gar Fac DSF Fac Fac DSF Fac Upp Upp Combat Hostiles Destroyed 205 | . 14 7 . . 18 20 11 27 2 27 . 22 . 3 22 . 8 6 10 8 Melee 5 | . . . . . 1 2 . . . . . . . . . . . . . 2 Guns 41 | . 4 . . . . 3 4 2 . 9 . . . . 9 . 5 2 1 2 Cannons 60 | . . 2 . . 10 5 . 6 2 7 . 13 . 3 7 . 1 2 2 . AOE 87 | . 10 5 . . 7 10 7 13 . 11 . 6 . . 4 . 2 2 6 4 Classes Destroyed 18 | 2 5 . . . 4 1 1 2 . 1 . . . . 2 . . . . . Worker 7 | 1 . . . . . . 3 . . . . . . . 1 . . 2 . . Builder 6 | . . . . . 1 . . . . . . . . . 1 . . 4 . . Tunneler 3 | 3 . . . . . . . . . . . . . . . . . . . . Hauler 6 | . 2 . . . 2 . 1 . . . . . . . 1 . . . . . Recycler 3 | . 1 . . . 1 . . . . . . . . . . . . 1 . . Operator 2 | . . . . . 1 . 1 . . . . . . . . . . . . . Watcher 9 | . 3 . . . 1 . 1 . 1 1 . . . . 1 . . 1 . . Swarmer 66 | . 9 3 . . 4 7 3 10 . 7 . 7 . 1 2 . . . 7 6 Grunt 73 | . 5 4 . . 7 6 5 10 . 12 . 10 . . 4 . 5 2 3 . Brawler 4 | . . . . . . . 2 . . 1 . . . . . . 1 . . . Duelist 6 | . . . . . . . . . . 4 . . . . 2 . . . . . Sentry 21 | . . . . . 6 5 1 . 2 2 . 3 . 1 1 . . . . . Specialist 4 | . . . . . . . . 1 . . . 1 . . 2 . . . . . Hunter 4 | . . . . . 1 . . 1 . . . . . 1 . . 1 . . . Programmer 17 | . . . . . . 2 . 4 . 1 . . . . 4 . . 4 . 2 Heavy 2 | . . . . . . . . . . . . . . . 1 . 1 . . . Behemoth 2 | . . . . . . . . 1 . . . 1 . . . . . . . . Assembled 6 | . . . . . . . . . . . . . . . 6 . . . . . Best Kill Streak 9 | 4 4 3 . . 4 4 9 4 2 5 . 4 . 2 7 . 3 7 5 4 Combat Bots Only 7 | . 3 3 . . 4 4 5 4 1 5 . 4 . 2 7 . 3 2 5 4 Max Kills in Single Turn 7 | 1 3 2 . . 3 2 4 4 1 2 . 3 . 1 2 . 2 7 2 3 Gunslinging . | . . . . . . . . . . . . . . . . . . . . . Exploded 4 | . 3 2 . . 3 2 2 4 . 2 . 3 . . 1 . 1 2 2 3 Melee 1 | . . . . . 1 1 . . . . . . . . . . . . . 1 Uniques/NPCs Destroyed . | . . . . . . . . . . . . . . . . . . . . . Combat | -11 -10 -10 -10 -9 -8 -8 -8 -8 -7 -7 -7 -7 -7 -7 -6 -5 -5 -4 -4 -4 -------- Run | Yrd Mat Min Exi Min Mat Gar Mat Gar Fac Gar Fac Gar Fac DSF Fac Fac DSF Fac Upp Upp Hostile Shots Fired 1169 | . 27 11 . . 45 95 22 81 87 154 . 117 . 40 187 . 53 16 58 176 Missed 300 | . 6 3 . . 13 25 7 19 38 51 . 30 . 9 46 . 5 1 12 35 Damage Taken 13840 | . 381 180 . . 445 1009 226 1021 294 1242 . 848 . 285 2976 . 1350 300 492 2791 Core 1924 | . 79 26 . . 11 60 18 101 27 44 . 25 . . 79 . 303 83 8 1060 Absorbed by Shields 3123 | . . . . . 62 266 86 244 32 476 . 339 . 116 . . 169 155 360 818 Reduced by Siege Mode 465 | . . . . . . . . . . . . 64 . . 211 . 144 3 20 23 Regen/Repaired (Parts) 313 | . 10 . . . 232 . 71 . . . . . . . . . . . . . Core Remaining (%) 78 | 100 . . . 58 . . . 65 . . . . . 86 90 . 69 . . . Volleys Fired 657 | 10 38 13 . . 71 96 31 85 30 70 . 45 . 8 70 . 30 19 18 23 Largest 3 | 2 2 2 . . 2 2 2 2 1 2 . 2 . 2 3 . 3 3 3 3 Hottest 245 | 70 80 87 . . 90 93 61 138 225 150 . 150 . 150 225 . 245 173 173 161 Shots Fired 1094 | 20 66 17 . . 80 109 43 138 29 127 . 78 . 17 171 . 71 43 34 51 Gun 365 | 20 53 3 . . . 20 26 21 6 54 . . . . 59 . 42 24 20 17 Cannon 586 | . . 7 . . 70 60 . 101 23 60 . 73 . 17 103 . 20 19 6 27 Launcher 143 | . 13 7 . . 10 29 17 16 . 13 . 5 . . 9 . 9 . 8 7 Special . | . . . . . . . . . . . . . . . . . . . . . Kinetic 540 | 10 23 10 . . 70 80 26 21 23 88 . . . . 59 . 42 24 20 44 Thermal 91 | 10 30 . . . . . . . 6 . . . . . . . 20 19 6 . Explosive 116 | . 13 7 . . 10 29 17 16 . 13 . 5 . . 6 . . . . . Electromagnetic 347 | . . . . . . . . 101 . 26 . 73 . 17 106 . 9 . 8 7 Robot Hit Streak 24 | 9 5 3 . . 6 7 10 16 7 11 . 20 . 14 19 . 24 7 8 18 Robot Miss Streak 7 | 4 7 2 . . 4 5 5 4 2 4 . 2 . 2 3 . 2 1 3 7 Penetration Max 2 | . . . . . 1 . 1 1 . 1 . . . . 2 . 1 1 . . Secondary Targets . | . . . . . . . . . . . . . . . . . . . . . Shots Hit Robots 628 | 11 35 6 . . 36 49 26 70 15 107 . 46 . 10 94 . 56 17 18 32 Core Hits 391 | 5 30 10 . . 32 37 26 37 5 58 . 31 . 5 47 . 26 17 15 10 Critical Kills 23 | . . 2 . . 8 5 . . 3 3 . . . . 1 . . . . 1 Critical Parts Destroyed 32 | . . . . . 12 10 . . . 9 . . . . . . 1 . . . Critical Strikes 66 | 2 1 2 . . 20 15 . . 4 15 . 2 . . 2 . 1 . . 2 Burn 3 | 2 1 . . . . . . . . . . . . . . . . . . . Destroy 54 | . . 2 . . 18 14 . . 4 12 . . . . 1 . 1 . . 2 Corrupt 3 | . . . . . . . . . . . . 2 . . 1 . . . . . Smash 3 | . . . . . 2 1 . . . . . . . . . . . . . . Impale 3 | . . . . . . . . . . 3 . . . . . . . . . . Melee Attacks 169 | . . . . . 17 20 . . 9 77 . 16 . 8 . . 13 . . 9 Impact 37 | . . . . . 17 20 . . . . . . . . . . . . . . Slashing 9 | . . . . . . . . . . . . . . . . . . . . 9 Piercing 123 | . . . . . . . . . 9 77 . 16 . 8 . . 13 . . . Sneak Attacks 2 | . . . . . 1 1 . . . . . . . . . . . . . . Combat Hostiles 1 | . . . . . . 1 . . . . . . . . . . . . . . Follow-up Attacks . | . . . . . . . . . . . . . . . . . . . . . Damage Inflicted 25468 | 133 1125 391 . . 1508 2114 1310 2762 189 4682 . 1635 . 387 3444 . 1986 1588 812 1402 Guns 5048 | 133 330 28 . . . 243 419 357 . 865 . . . . 925 . 770 402 207 369 Cannons 8027 | . . 32 . . 572 345 . 1405 189 689 . 1258 . 289 1536 . 542 300 211 659 Explosions 9724 | . 795 331 . . 782 1360 891 1000 . 958 . 377 . 98 983 . 640 886 394 229 Melee 2669 | . . . . . 154 166 . . . 2170 . . . . . . 34 . . 145 Ramming . | . . . . . . . . . . . . . . . . . . . . . Kinetic 6817 | 33 92 60 . . 572 588 419 357 189 1175 . . . . 925 . 770 402 207 1028 Thermal 2496 | 100 238 44 . . . . . 32 . 74 . 63 . 98 516 . 542 557 211 21 Explosive 7205 | . 754 287 . . 782 1360 891 968 . 884 . 314 . . 336 . . 629 . . Electromagnetic 6281 | . 41 . . . . . . 1405 . 379 . 1258 . 289 1667 . 640 . 394 208 Impact 320 | . . . . . 154 166 . . . . . . . . . . . . . . Slashing 145 | . . . . . . . . . . . . . . . . . . . . 145 Piercing 2204 | . . . . . . . . . . 2170 . . . . . . 34 . . . Highest Corruption 11 | . 1 1 1 1 2 4 4 6 . . . 1 1 1 . . . 9 9 11 Average Corruption 3 | . 1 1 1 1 2 2 4 5 . . . 1 1 1 . . . 6 9 10 Corruption Purged . | . . . . . . . . . . . . . . . . . . . . . Corruption Blocked . | . . . . . . . . . . . . . . . . . . . . . Effects 170 | . 7 3 1 . 13 15 7 54 . . . 12 . 5 . . . 10 18 25 Message Errors 43 | . 2 2 . . 6 2 1 16 . . . 1 . 1 . . . 5 2 5 Matter Fused 33 | . 2 . . . 1 1 1 10 . . . 4 . 1 . . . . 6 7 Heat Flow Errors 23 | . . . . . 1 2 . 8 . . . 1 . 1 . . . 2 3 5 Energy Discharges 18 | . 1 . . . 1 4 . 6 . . . 2 . . . . . 1 2 1 Parts Rejected 2 | . . . . . . . . 1 . . . . . . . . . . . 1 Parts Fused 2 | . . . . . . . . . . . . . . . . . . . 1 1 Data Loss (minor) 21 | . . . 1 . 2 1 3 6 . . . 3 . 1 . . . 2 1 1 Data Loss (major) 6 | . . . . . 1 1 1 1 . . . 1 . . . . . . 1 . Misfires 11 | . 1 . . . . 2 1 3 . . . . . 1 . . . . 1 2 Alerts 6 | . 1 1 . . 1 . . 2 . . . . . . . . . . . 1 Weapon Failures 5 | . . . . . . 2 . 1 . . . . . . . . . . 1 1 Overload Shots 6 | . . . . . . . . . 6 . . . . . . . . . . . Effects 1 | . . . . . . . . . 1 . . . . . . . . . . . Short Circuit 1 | . . . . . . . . . 1 . . . . . . . . . . . Overflow Damage 720 | . 6 9 . . 112 127 18 52 . 169 . 5 . . 46 . 13 124 . 39 Projectiles 81 | . . . . . . 3 . 9 . . . 5 . . 23 . 13 18 . 10 Explosions 405 | . 6 9 . . 45 87 18 43 . 68 . . . . 23 . . 106 . . Melee 234 | . . . . . 67 37 . . . 101 . . . . . . . . . 29 Knockbacks 12 | . . . . . 3 3 . . . 3 . . . . . . . . . 3 Impact 1 | . . . . . 1 . . . . . . . . . . . . . . . Kinetic 11 | . . . . . 2 3 . . . 3 . . . . . . . . . 3 Secondary . | . . . . . . . . . . . . . . . . . . . . . Self-Inflicted Damage 1167 | . 175 84 . . . 173 93 99 . 104 . 56 . . 134 . 38 150 . 61 Shots 41 | . 8 3 . . . 5 3 4 . 3 . 2 . . 4 . 3 2 . 4 Rammed . | . . . . . . . . . . . . . . . . . . . . . Targets Rammed . | . . . . . . . . . . . . . . . . . . . . . Kicked . | . . . . . . . . . . . . . . . . . . . . . Crushed . | . . . . . . . . . . . . . . . . . . . . . Highest Temperature 955 | 90 96 48 . . 296 336 2 256 324 156 . 257 . 171 465 . 769 288 475 955 Average Temperature 132 | 36 24 21 . . 103 119 2 69 101 36 . 74 . 70 154 . 200 88 198 307 Received Heat Transfer 2722 | . 66 39 . . 144 320 68 173 66 395 . 171 . 34 413 . 248 . 133 452 Effects 66 | . . . . . 1 . . . . . . . . . 7 . 23 . 3 32 Shutdowns 14 | . . . . . . . . . . . . . . . 2 . 3 . 1 8 Energy Bleed 10 | . . . . . 1 . . . . . . . . . 1 . . . 1 7 Interference 11 | . . . . . . . . . . . . . . . 2 . 7 . . 2 Matter Decay 6 | . . . . . . . . . . . . . . . . . 3 . 1 2 Short Circuit 3 | . . . . . . . . . . . . . . . 1 . . . . 2 Damage (minor) 5 | . . . . . . . . . . . . . . . 1 . 1 . . 3 Damage (major) 12 | . . . . . . . . . . . . . . . . . 7 . . 5 Damage (core) 5 | . . . . . . . . . . . . . . . . . 2 . . 3 Siege Activations 27 | . . . . . . . . . . . . 6 . 1 8 . 4 2 2 4 Total Turns 416 | . . . . . . . . . . . . 76 . 2 166 . 48 20 41 63 Longest Duration 52 | . . . . . . . . . . . . 22 . 2 52 . 19 11 31 22 Robots Corrupted 16 | . . . . . 1 . . 7 . . . 3 . . 2 . 2 . 1 . Combat Hostiles 12 | . . . . . . . . 6 . . . 3 . . 2 . . . 1 . Parts Fried 48 | . . . . . 2 . . 14 . 3 . 7 . 2 13 . 5 . 2 . Impact Corruptions 5 | . . . . . 3 2 . . . . . . . . . . . . . . Robots Melted . | . . . . . . . . . . . . . . . . . . . . . Combat Hostiles . | . . . . . . . . . . . . . . . . . . . . . Parts Melted 4 | . . . . . . 1 . . . . . . . . 1 . . . 2 . Heat Transferred 3333 | 444 777 100 . . . . . . . 50 . 100 . 100 426 . 555 509 222 50 Parts Sabotaged . | . . . . . . . . . . . . . . . . . . . . . Parts Stolen . | . . . . . . . . . . . . . . . . . . . . . Parts Stripped . | . . . . . . . . . . . . . . . . . . . . . Power Chain Reactions 12 | . 1 . . . . . . 1 . 1 . 1 . 1 2 . 2 . 2 1 Alert | -11 -10 -10 -10 -9 -8 -8 -8 -8 -7 -7 -7 -7 -7 -7 -6 -5 -5 -4 -4 -4 ------- Run | Yrd Mat Min Exi Min Mat Gar Mat Gar Fac Gar Fac Gar Fac DSF Fac Fac DSF Fac Upp Upp Peak Influence 2263 | 20 379 207 . . 401 1313 925 2069 1193 2263 1187 2158 1132 1148 845 408 505 304 . . Initial 1187 | . 13 83 . . . 260 639 592 1085 835 1187 830 1132 792 602 408 285 264 . . Average 874 | 5 178 112 . . 138 789 744 1343 1123 1564 1187 1568 1132 968 640 408 423 218 . . Maximum Alert Level 5 | . 1 1 . . 2 4 3 5 4 5 4 5 4 4 3 2 2 1 . . Low Security (%) 18 | 100 65 81 . 100 60 . . . . . . . . . . . . 18 . . Level 1 13 | . 34 18 . . 36 18 . . . . . . . . . . 42 81 . . Level 2 14 | . . . . . 2 23 58 11 . . . . . . 81 100 57 . . . Level 3 17 | . . . . . . 33 41 22 53 19 . 24 . 89 18 . . . . . Level 4 13 | . . . . . . 23 . 22 46 32 100 13 100 10 . . . . . . Level 5 21 | . . . . . . . . 43 . 48 . 61 . . . . . . . . High Security . | . . . . . . . . . . . . . . . . . . . . . Max Security . | . . . . . . . . . . . . . . . . . . . . . Sterilizations 2 | . . . . . . . . . . . . . . 1 . . 1 . . . Squads Dispatched 22 | . 2 . . . 3 . 2 . 1 . 1 . . 1 9 . 1 2 . . Investigation 5 | . 2 . . . 2 . . . . . 1 . . . . . . . . . Extermination 3 | . . . . . . . . . . . . . . . 2 . . 1 . . Reinforcement 12 | . . . . . 1 . 1 . 1 . . . . 1 6 . 1 1 . . Assault 1 | . . . . . . . . . . . . . . . 1 . . . . . Garrison 1 | . . . . . . . 1 . . . . . . . . . . . . . Intercept . | . . . . . . . . . . . . . . . . . . . . . Searches Triggered . | . . . . . . . . . . . . . . . . . . . . . Construction Impeded 2 | . . . . . 1 . . . 1 . . . . . . . . . . . Haulers Reinforced 1 | . . . . . . . . . . . . . . . . . . 1 . . Active Scanning Responses . | . . . . . . . . . . . . . . . . . . . . . Cargo Convoy Interrupts 1 | . . . . . . . . . . . . . . . 1 . . . . . Stealth | -11 -10 -10 -10 -9 -8 -8 -8 -8 -7 -7 -7 -7 -7 -7 -6 -5 -5 -4 -4 -4 --------- Run | Yrd Mat Min Exi Min Mat Gar Mat Gar Fac Gar Fac Gar Fac DSF Fac Fac DSF Fac Upp Upp Distress Signals 6 | . . . . . 4 . 1 . 1 . . . . . . . . . . . Communications Jammed . | . . . . . . . . . . . . . . . . . . . . . Distress Signals . | . . . . . . . . . . . . . . . . . . . . . Times Spotted 266 | . 21 7 . . 19 23 15 23 3 28 . 31 . 8 42 . 8 7 10 21 Peak Tracking Total 12 | . 3 2 . . 5 7 3 3 2 6 . 5 . 3 6 . 3 2 4 12 Tactical Retreats 18 | . . . . . 2 7 1 1 . 2 . 1 . . 2 . . . . 2 Traps | -11 -10 -10 -10 -9 -8 -8 -8 -8 -7 -7 -7 -7 -7 -7 -6 -5 -5 -4 -4 -4 ------- Run | Yrd Mat Min Exi Min Mat Gar Mat Gar Fac Gar Fac Gar Fac DSF Fac Fac DSF Fac Upp Upp Traps Triggered 29 | . 1 . . . 4 8 . 10 . 3 . 1 . . 1 . . 1 . . Indirectly . | . . . . . . . . . . . . . . . . . . . . . Trap Hack Attempts . | . . . . . . . . . . . . . . . . . . . . . Triggered . | . . . . . . . . . . . . . . . . . . . . . Disarmed 6 | . 6 . . . . . . . . . . . . . . . . . . . Reprogrammed . | . . . . . . . . . . . . . . . . . . . . . Reused 8 | . . . . . . . . 6 . 2 . . . . . . . . . . Traps Extracted . | . . . . . . . . . . . . . . . . . . . . . Installed 10 | . . . . . . . . 8 . 2 . . . . . . . . . . Triggered 14 | . . . . . . . . 6 . 2 . 1 . . 1 . . . 3 1 Most Traps Carried 6 | . . . . . . . . 6 2 2 . . . . . . . . . . Machines | -11 -10 -10 -10 -9 -8 -8 -8 -8 -7 -7 -7 -7 -7 -7 -6 -5 -5 -4 -4 -4 ---------- Run | Yrd Mat Min Exi Min Mat Gar Mat Gar Fac Gar Fac Gar Fac DSF Fac Fac DSF Fac Upp Upp Machines Disabled 55 | . 2 1 . . 3 9 3 13 . 7 . 5 . 1 5 . . 6 . . Max in Single Turn 6 | . 1 1 . . 1 2 2 2 . 1 . 1 . . 2 . . 6 . . Garrison Relay 18 | . . . . . . 3 . 7 . 5 . 3 . . . . . . . . Phase Generator 2 | . . . . . . 1 . 1 . . . . . . . . . . . . Machines Repaired . | . . . . . . . . . . . . . . . . . . . . . Machines Dismantled . | . . . . . . . . . . . . . . . . . . . . . Machines Sabotaged . | . . . . . . . . . . . . . . . . . . . . . Overloaded Fab Kills . | . . . . . . . . . . . . . . . . . . . . . Hacking | -11 -10 -10 -10 -9 -8 -8 -8 -8 -7 -7 -7 -7 -7 -7 -6 -5 -5 -4 -4 -4 --------- Run | Yrd Mat Min Exi Min Mat Gar Mat Gar Fac Gar Fac Gar Fac DSF Fac Fac DSF Fac Upp Upp Machines Accessed 51 | . 8 . 2 . 8 2 4 3 3 3 1 2 2 . 5 3 . 3 . 2 Terminals 30 | . 5 . . . 4 2 2 3 . 3 . 2 1 . 4 2 . 2 . . Fabricators 3 | . . . . . . . . . 1 . . . 1 . . . . 1 . . Repair Stations 6 | . 1 . . . 2 . 1 . . . . . . . 1 1 . . . . Recycling Units 4 | . 2 . . . 1 . . . 1 . . . . . . . . . . . Scanalyzers . | . . . . . . . . . . . . . . . . . . . . . Garrison Access 4 | . . . . . 1 . 1 . 1 . 1 . . . . . . . . . Total Hacks 114 | . 27 . 2 . 20 3 8 6 3 6 3 7 3 . 10 4 . 10 . 2 Successful 55 | . 17 . 2 . 12 1 4 . 1 2 1 1 1 . 3 2 . 6 . 2 Failed 58 | . 9 . . . 8 2 4 6 2 4 2 6 2 . 7 2 . 4 . . Catastrophic 10 | . . . . . . 1 . 3 1 2 . . . . 2 1 . . . . Database Lockouts 1 | . 1 . . . . . . . . . . . . . . . . . . . Manual 36 | . 16 . 1 . 8 . 3 . . 2 . . . . 4 1 . 1 . . Terminals 79 | . 21 . . . 11 3 5 6 . 6 . 7 1 . 8 3 . 8 . . Fabricators 5 | . . . . . . . . . 1 . . . 2 . . . . 2 . . Repair Stations 13 | . 2 . . . 6 . 2 . . . . . . . 2 1 . . . . Recycling Units 6 | . 4 . . . 1 . . . 1 . . . . . . . . . . . Scanalyzers . | . . . . . . . . . . . . . . . . . . . . . Garrison Access 7 | . . . . . 2 . 1 . 1 . 3 . . . . . . . . . Terminal Hacks 25 | . 5 . 2 . 3 1 1 . . 2 . 1 1 . 2 1 . 4 . 2 Record 1 | . . . 1 . . . . . . . . . . . . . . . . . Part Schematic 1 | . . . . . . . . . . . . . . . . . . 1 . . Robot Analysis 1 | . 1 . . . . . . . . . . . . . . . . . . . Prototype ID Bank 1 | . 1 . . . . . . . . . . . . . . . . . . . Open Door 3 | . . . . . . . . . . . . 1 . . . . . . . 2 Open DSF 2 | . . . . . . . . . . . . . 1 . . 1 . . . . Branch Access Points 1 | . . . . . . . . . . . . . . . . . . 1 . . Emergency Access Points 1 | . . . . . . . . . . 1 . . . . . . . . . . Terminal Index 3 | . 1 . . . 1 . 1 . . . . . . . . . . . . . Alert Level 2 | . . . . . . . . . . . . . . . 1 . . 1 . . Unreport Threat 1 | . . . . . . . . . . . . . . . . . . 1 . . Locate Traps 3 | . 1 . . . 1 . . . . . . . . . 1 . . . . . Disarm Traps 1 | . 1 . . . . . . . . . . . . . . . . . . . Zone Layout 1 | . . . . . 1 . . . . . . . . . . . . . . . Garrison Registry 1 | . . . . . . 1 . . . . . . . . . . . . . . Patrol Navigation 1 | . . . . . . . . . . 1 . . . . . . . . . . Derelict Proto ID Bank 1 | . . . 1 . . . . . . . . . . . . . . . . . Fabricator Hacks 1 | . . . . . . . . . . . . . . . . . . 1 . . Load Schematic 1 | . . . . . . . . . . . . . . . . . . 1 . . Repair Station Hacks 8 | . 2 . . . 4 . 2 . . . . . . . . . . . . . Scan Component 4 | . 1 . . . 2 . 1 . . . . . . . . . . . . . Repair 4 | . 1 . . . 2 . 1 . . . . . . . . . . . . . Recycling Unit Hacks 3 | . 2 . . . 1 . . . . . . . . . . . . . . . Retrieve Components 3 | . 2 . . . 1 . . . . . . . . . . . . . . . Scanalyzer . | . . . . . . . . . . . . . . . . . . . . . Garrison Access Hacks 4 | . . . . . 1 . 1 . 1 . 1 . . . . . . . . . Unlock Access 4 | . . . . . 1 . 1 . 1 . 1 . . . . . . . . . Unauthorized Hacks 14 | . 8 . . . 3 . . . . . . . . . 1 1 . 1 . . Terminals 14 | . 8 . . . 3 . . . . . . . . . 1 1 . 1 . . Botnet 3 | . 2 . . . 1 . . . . . . . . . . . . . . . Operators 1 | . 1 . . . . . . . . . . . . . . . . . . . Skim 10 | . 5 . . . 2 . . . . . . . . . 1 1 . 1 . . Fabricators . | . . . . . . . . . . . . . . . . . . . . . Repair Stations . | . . . . . . . . . . . . . . . . . . . . . Recycling Units . | . . . . . . . . . . . . . . . . . . . . . Scanalyzers . | . . . . . . . . . . . . . . . . . . . . . Garrison Access . | . . . . . . . . . . . . . . . . . . . . . Data Cores Recovered 1 | . . . . . 1 . . . . . . . . . . . . . . . Used 1 | . . . . . 1 . . . . . . . . . . . . . . . Hacking Detections 40 | . 7 . . . 6 2 2 3 3 3 1 2 1 . 5 2 . 3 . . Full Trace Events 4 | . . . . . . . . 1 . 1 1 1 . . . . . . . . Feedback Events 1 | . . . . . . . . . . . . 1 . . . . . . . . Corruption 1 | . . . . . . . . . . . . 1 . . . . . . . . Feedback Blocked . | . . . . . . . . . . . . . . . . . . . . . Robot Schematics Acquired . | . . . . . . . . . . . . . . . . . . . . . Robots Built . | . . . . . . . . . . . . . . . . . . . . . Authchips . | . . . . . . . . . . . . . . . . . . . . . Time . | . . . . . . . . . . . . . . . . . . . . . Total Robot Build Rating . | . . . . . . . . . . . . . . . . . . . . . Part Schematics Acquired 1 | . . . . . . . . . . . . . . . . . . 1 . . Parts Built . | . . . . . . . . . . . . . . . . . . . . . Authchips . | . . . . . . . . . . . . . . . . . . . . . Time . | . . . . . . . . . . . . . . . . . . . . . Total Part Build Rating . | . . . . . . . . . . . . . . . . . . . . . Parts Repaired 4 | . 1 . . . 2 . 1 . . . . . . . . . . . . . Time 140 | . 26 . . . 76 . 38 . . . . . . . . . . . . . Parts Recycled . | . . . . . . . . . . . . . . . . . . . . . Recycled Matter . | . . . . . . . . . . . . . . . . . . . . . Retrieved Matter . | . . . . . . . . . . . . . . . . . . . . . Retrieved Components 5 | . 3 . . . 2 . . . . . . . . . . . . . . . Parts Scanalyzed . | . . . . . . . . . . . . . . . . . . . . . Part Schematics Acquired . | . . . . . . . . . . . . . . . . . . . . . Parts Damaged . | . . . . . . . . . . . . . . . . . . . . . Bothacking | -11 -10 -10 -10 -9 -8 -8 -8 -8 -7 -7 -7 -7 -7 -7 -6 -5 -5 -4 -4 -4 ------------ Run | Yrd Mat Min Exi Min Mat Gar Mat Gar Fac Gar Fac Gar Fac DSF Fac Fac DSF Fac Upp Upp Used RIF Installer . | . . . . . . . . . . . . . . . . . . . . . Robots Hacked . | . . . . . . . . . . . . . . . . . . . . . Non-combat . | . . . . . . . . . . . . . . . . . . . . . Combat . | . . . . . . . . . . . . . . . . . . . . . Robot Hacks Applied . | . . . . . . . . . . . . . . . . . . . . . Relay Couplers Released 80 | . . . . . . 13 . 31 . 20 . 16 . . . . . . . . Machine Destruction 73 | . . . . . . 13 . 27 . 20 . 13 . . . . . . . . Programmers 7 | . . . . . . . . 4 . . . 3 . . . . . . . . Fabnet Peak Effective % . | . . . . . . . . . . . . . . . . . . . . . Robots Rewired 9 | . . . . . . 3 . 3 . . . 3 . . . . . . . . Allies Hacked 1 | . . . . . . . . 1 . . . . . . . . . . . . Hacks Repelled . | . . . . . . . . . . . . . . . . . . . . . Allies | -11 -10 -10 -10 -9 -8 -8 -8 -8 -7 -7 -7 -7 -7 -7 -6 -5 -5 -4 -4 -4 -------- Run | Yrd Mat Min Exi Min Mat Gar Mat Gar Fac Gar Fac Gar Fac DSF Fac Fac DSF Fac Upp Upp Total Allies 15 | . . . . 3 . 3 . 3 . . . 5 . . . . . . . 1 Largest Group 3 | . . . . 3 3 2 3 3 . . . 3 3 3 3 . . . . 1 Highest-Rated Group 157 | . . . . 40 40 10 15 45 . . . 157 109 109 109 . . . . 127 Highest-Rated Ally 127 | . . . . 16 16 5 5 15 . . . 95 39 39 39 . . . . 127 Total Orders . | . . . . . . . . . . . . . . . . . . . . . Ally Attacks 129 | . . . . . 23 . 19 2 . . . 43 . 26 16 . . . . . Total Damage 2438 | . . . . . 248 . 118 17 . . . 1470 . 401 184 . . . . . Kills 23 | . . . . . 2 . 1 . . . . 11 . 7 2 . . . . . Allies Corrupted . | . . . . . . . . . . . . . . . . . . . . . Allies Melted 1 | . . . . . 1 . . . . . . . . . . . . . . . Intel | -11 -10 -10 -10 -9 -8 -8 -8 -8 -7 -7 -7 -7 -7 -7 -6 -5 -5 -4 -4 -4 ------- Run | Yrd Mat Min Exi Min Mat Gar Mat Gar Fac Gar Fac Gar Fac DSF Fac Fac DSF Fac Upp Upp Robot Analysis Total 1 | . 1 . . . . . . . . . . . . . . . . . . . Derelict Logs Recovered 2 | . . 1 . . . . . . . . . . . . . . . . 1 . Drone Launches . | . . . . . . . . . . . . . . . . . . . . . Drone Recoveries . | . . . . . . . . . . . . . . . . . . . . . Exploration | -11 -10 -10 -10 -9 -8 -8 -8 -8 -7 -7 -7 -7 -7 -7 -6 -5 -5 -4 -4 -4 ------------- Run | Yrd Mat Min Exi Min Mat Gar Mat Gar Fac Gar Fac Gar Fac DSF Fac Fac DSF Fac Upp Upp Turns Passed 16274 | 125 1183 811 551 134 1468 955 470 2128 359 1968 24 1959 112 342 1168 160 466 642 489 760 Spaces Moved 8574 | 55 635 470 261 64 783 516 288 1458 176 999 15 1033 70 168 504 97 178 337 212 255 Core 66 | 4 . . . . . . . . . . . . . . . . . . . 62 Treads 5141 | 51 635 470 261 64 454 . . 20 . 379 15 1033 70 168 504 97 178 337 212 193 Legs . | . . . . . . . . . . . . . . . . . . . . . Wheels 3268 | . . . . . 329 516 288 1403 112 620 . . . . . . . . . . Hover 99 | . . . . . . . . 35 64 . . . . . . . . . . . Flight . | . . . . . . . . . . . . . . . . . . . . . Fastest Speed 50 | 50 160 160 160 160 100 100 100 100 115 105 160 160 160 160 160 160 160 160 160 50 Average Speed 144 | 152 160 160 160 160 138 106 100 110 147 137 160 160 160 160 160 160 160 160 198 238 Slowest Speed 320 | 160 160 160 160 160 160 115 100 320 186 160 160 160 160 160 160 160 160 160 240 320 Overloaded Moves . | . . . . . . . . . . . . . . . . . . . . . Propulsion Burnouts . | . . . . . . . . . . . . . . . . . . . . . Robots Hopped . | . . . . . . . . . . . . . . . . . . . . . Cave-ins Triggered . | . . . . . . . . . . . . . . . . . . . . . Exploration Rate (%) 47 | 4 95 94 65 16 61 63 37 89 5 94 1 74 3 86 20 3 82 13 47 47 Regions Visited 20 Branch Regions 5 Pre-discovered Areas 4 | . 1 1 1 . . . . . . . . . . . . . . . 1 . Known Exits Taken 10 | . 1 . . 1 1 . 1 . 1 . 1 . 1 . 1 1 . 1 . . Unknown Exits Taken 4 | 1 . 1 1 . . . . . . . . . . . . . . . 1 . Scrap Searched 6 | . . 2 . . . . . . . . . . . . . . . . 1 3 Spaces Dug 130 | . 5 2 . . 15 5 32 . 12 14 . 18 . 3 4 . 9 10 . 1 Terrain Destroyed 1018 | . 58 44 . . 104 275 122 151 12 60 . 42 . 4 63 . 22 43 6 12 Melee 48 | . . . . . 6 1 . . 8 14 . 10 . 3 . . 6 . . . Projectile 128 | . . 7 . . 46 12 1 . 4 2 . . . . 15 . 10 19 2 10 AOE 842 | . 58 37 . . 52 262 121 151 . 44 . 32 . 1 48 . 6 24 4 2 Terrain Rammed . | . . . . . . . . . . . . . . . . . . . . . Walls Destroyed . | . . . . . . . . . . . . . . . . . . . . . Machines Disabled . | . . . . . . . . . . . . . . . . . . . . . Actions | -11 -10 -10 -10 -9 -8 -8 -8 -8 -7 -7 -7 -7 -7 -7 -6 -5 -5 -4 -4 -4 --------- Run | Yrd Mat Min Exi Min Mat Gar Mat Gar Fac Gar Fac Gar Fac DSF Fac Fac DSF Fac Upp Upp Total 11155 | 76 736 513 395 96 1054 775 429 1841 231 1352 15 1237 70 212 729 101 283 405 253 352 Wait 1115 | 4 41 25 132 32 141 68 89 123 . 109 . 96 . 11 130 . 28 36 11 39 Move 8554 | 54 634 469 260 63 783 515 287 1457 175 998 15 1030 69 167 503 96 177 336 211 255 Hop . | . . . . . . . . . . . . . . . . . . . . . Pick Up 111 | 1 8 1 1 . 9 2 10 24 1 25 . 6 . . 4 . 10 3 5 1 Fast Attach 73 | 6 3 2 . . 13 1 2 8 4 8 . 2 . 3 3 2 9 2 1 4 Attach 43 | 1 1 . . . . 3 2 3 3 5 . 2 . 4 11 1 2 2 1 2 Detach 28 | . 1 . . . . . . 2 2 2 . 1 . 3 2 1 6 2 2 4 Swap 89 | . 6 . 1 . 6 2 1 18 3 18 . 11 1 5 5 1 2 3 1 5 Drop 126 | . 4 3 1 1 14 1 7 28 4 30 . 8 . 3 1 . 6 2 3 10 Fire 657 | 10 38 13 . . 71 96 31 85 30 70 . 45 . 8 70 . 30 19 18 23 Melee 169 | . . . . . 17 20 . . 9 77 . 16 . 8 . . 13 . . 9 Ram . | . . . . . . . . . . . . . . . . . . . . . Kick . | . . . . . . . . . . . . . . . . . . . . . Crush . | . . . . . . . . . . . . . . . . . . . . . Escape Stasis 120 | . . . . . . 40 . 72 . 8 . . . . . . . . . . Rewire 60 | . . . . . . 27 . 13 . . . 20 . . . . . . . . Trap 10 | . . . . . . . . 8 . 2 . . . . . . . . . . Miscellaneous . | . . . . . . . . . . . . . . . . . . . . . Route ------- -11/Scrapyard -10/Materials (discovered 6 exits: *Mat x3 / *Min x2 / Sub) -10/Mines (discovered 3 exits: *Mat x2 / *Exi) -10/Exiles -9/Mines -8/Materials (discovered 4 exits: *Fac x3 / Gar) -8/Garrison (discovered 4 exits: *Mat x4) -8/Materials (discovered 2 exits: *Fac / Gar) -8/Garrison (discovered 3 exits: *Fac x3) -7/Factory -7/Garrison (discovered 3 exits: *Fac x3) -7/Factory (discovered 2 exits: *Fac / Gar) -7/Garrison (discovered 3 exits: *Fac x3) -7/Factory -7/DSF -6/Factory -5/Factory -5/DSF -4/Factory (discovered 4 exits: *Upp x2 / Ext x2) -4/Upper Caves -4/Upper Caves History --------- Turn | Location | Event 6 | -11/Scrapyard | Discovered new exit (range 14) 126 | -11/Scrapyard | Entered Materials 247 | -10/Materials | Discovered new exit (range 15) 325 | -10/Materials | Build established: Mutant 606 | -10/Materials | Discovered new exit (range 9) 614 | -10/Materials | Discovered new exit (range 5) 639 | -10/Materials | Central database locked down 670 | -10/Materials | Identified exit to Mines 683 | -10/Materials | Identified exit to Materials 818 | -10/Materials | Identified exit to Subcaves 898 | -10/Materials | Repaired Seismic Detector 1084 | -10/Materials | Learned location of Mines (-9) 1124 | -10/Materials | Loaded intel: 5 terminal locations 1176 | -10/Materials | Learned location of 3 exits from Materials 1236 | -10/Materials | Learned 2 Mines zone layouts 1309 | -10/Materials | Entered Mines 1311 | -10/Mines | Met a Derelict bent on vengeance 1379 | -10/Mines | Learned Materials emergency access door positions 1498 | -10/Mines | A weapon hastily lodged in a ceiling crevice suddenly fell to the ground 1682 | -10/Mines | Learned location of Storage (-9) 1741 | -10/Mines | Received a Rocket Launcher from a helpful Derelict 2114 | -10/Mines | Deemed a non-threat by the Exiles lab entrance 2114 | -10/Mines | Discovered new exit (range 5) 2120 | -10/Mines | Entered Exiles 2159 | -10/Exiles | Met 8R-AWN 2186 | -10/Exiles | Met EX-HEX 2298 | -10/Exiles | Met EX-BIN 2317 | -10/Exiles | Aligned with FarCom system 2319 | -10/Exiles | Given EX-Vault access code 2356 | -10/Exiles | Opened EX-Vault 2364 | -10/Exiles | Found Superbattery 2398 | -10/Exiles | Warned to stay clear of 0b10 Research branches 2422 | -10/Exiles | Exiles lab attacked by MAIN.C 2454 | -10/Exiles | Learned location of Zion (-6) 2521 | -10/Exiles | Discovered new exit (range 10) 2671 | -10/Exiles | Left Exiles lab with Superbattery 2671 | -10/Exiles | Entered Mines 2672 | -9/Mines | Identified exit to Materials 2682 | -9/Mines | Assisted by bots powering up and referring to "LRC-V3" 2805 | -9/Mines | Entered Materials 2805 | -8/Materials | Accompanied by 3 allies 2805 | -8/Materials | Evolved 4 slots: Propulsion x2, Utility x2 2806 | -8/Materials | Identified exit to Factory 3350 | -8/Materials | Repaired Lgt. Treads 3443 | -8/Materials | Build established: Scavenger-Mutant 4075 | -8/Materials | Repaired Bore Cannon 4207 | -8/Materials | Build established: Mutant 4273 | -8/Materials | Identified exit to Garrison 4273 | -8/Materials | Entered Garrison 4345 | -8/Garrison | Triggered checkpoint 4422 | -8/Garrison | Garrison Relay disabled 4519 | -8/Garrison | Triggered checkpoint 4615 | -8/Garrison | Discovered new exit (range 10) 4693 | -8/Garrison | Triggered checkpoint 4742 | -8/Garrison | Garrison Relay disabled 4867 | -8/Garrison | Discovered new exit (range 21) 4867 | -8/Garrison | Discovered new exit (range 61) 4867 | -8/Garrison | Discovered new exit (range 83) 4867 | -8/Garrison | Discovered new exit (range 71) 4895 | -8/Garrison | Phase Generator disabled 4993 | -8/Garrison | Triggered checkpoint 5013 | -8/Garrison | Triggered checkpoint 5032 | -8/Garrison | Garrison Relay disabled 5187 | -8/Garrison | Triggered checkpoint 5228 | -8/Garrison | Entered Materials 5228 | -8/Materials | Accompanied by 3 allies 5429 | -8/Materials | Repaired Deuterium Engine 5633 | -8/Materials | Garrison activated, responded to threat 5635 | -8/Materials | Discovered exit to Factory (range 14) 5669 | -8/Materials | Identified exit to Garrison 5698 | -8/Materials | Entered Garrison 5760 | -8/Garrison | Triggered checkpoint 5931 | -8/Garrison | Garrison Relay disabled 5982 | -8/Garrison | Triggered checkpoint 6035 | -8/Garrison | Discovered exit to Factory (range 15) 6088 | -8/Garrison | Triggered checkpoint 6135 | -8/Garrison | Discovered exit to Factory (range 10) 6156 | -8/Garrison | Triggered checkpoint 6307 | -8/Garrison | Garrison Relay disabled 6384 | -8/Garrison | Triggered checkpoint 6403 | -8/Garrison | Garrison Relay disabled 6422 | -8/Garrison | Triggered checkpoint 6497 | -8/Garrison | Phase Generator disabled 6509 | -8/Garrison | Discovered exit to Factory (range 12) 6530 | -8/Garrison | Spotted B-75 Beast 6654 | -8/Garrison | Triggered checkpoint 6678 | -8/Garrison | Garrison Relay disabled 6810 | -8/Garrison | Triggered checkpoint 6870 | -8/Garrison | Garrison Relay disabled 6944 | -8/Garrison | Lost 3 allies 7144 | -8/Garrison | Garrison Relay disabled 7546 | -8/Garrison | Triggered checkpoint 7595 | -8/Garrison | Garrison Relay disabled 7679 | -8/Garrison | Destroyed B-75 Beast 7826 | -8/Garrison | Entered Factory 7826 | -7/Factory | Evolved 2 slots: Utility x2 8178 | -7/Factory | Identified exit to Garrison 8185 | -7/Factory | Entered Garrison 8351 | -7/Garrison | Garrison Relay disabled 8393 | -7/Garrison | Triggered checkpoint 8603 | -7/Garrison | Discovered new exit (range 11) 8658 | -7/Garrison | Garrison Relay disabled 8732 | -7/Garrison | Garrison Relay disabled 8821 | -7/Garrison | Triggered checkpoint 8823 | -7/Garrison | Triggered checkpoint 8825 | -7/Garrison | Triggered checkpoint 8877 | -7/Garrison | Lost 3 parts (1n1u1w) 9128 | -7/Garrison | Discovered new exit (range 7) 9307 | -7/Garrison | Triggered checkpoint 9316 | -7/Garrison | Garrison Relay disabled 9358 | -7/Garrison | Build established: Scavenger-Mutant 9736 | -7/Garrison | Build established: Mutant 9787 | -7/Garrison | Discovered new exit (range 12) 9981 | -7/Garrison | Triggered checkpoint 10019 | -7/Garrison | Garrison Relay disabled 10153 | -7/Garrison | Entered Factory 10153 | -7/Factory | Discovered new exit (range 10) 10177 | -7/Factory | Identified exit to Garrison 10177 | -7/Factory | Entered Garrison 10427 | -7/Garrison | Triggered checkpoint 10537 | -7/Garrison | Discovered new exit (range 12) 10634 | -7/Garrison | Found embedded Infiltrators 10665 | -7/Garrison | Garrison Relay disabled 10807 | -7/Garrison | Triggered checkpoint 10853 | -7/Garrison | Triggered checkpoint 10901 | -7/Garrison | Triggered checkpoint 10936 | -7/Garrison | Garrison Relay disabled 10993 | -7/Garrison | Discovered new exit (range 14) 11281 | -7/Garrison | Discovered new exit (range 8) 11328 | -7/Garrison | Spotted B-75 Beast 11355 | -7/Garrison | Destroyed B-75 Beast 11456 | -7/Garrison | Attempted to access garrison exit controls, blocked by remote lockdown 11609 | -7/Garrison | Triggered checkpoint 11635 | -7/Garrison | Garrison Relay disabled 11797 | -7/Garrison | Attempted to access garrison exit controls, blocked by remote lockdown 12136 | -7/Garrison | Entered Factory 12136 | -7/Factory | Accompanied by 3 allies 12248 | -7/Factory | Identified exit to DSF 12248 | -7/Factory | Entered DSF 12248 | -7/DSF | Accompanied by 3 allies 12292 | -7/DSF | Additional patrols routed to DSF 12402 | -7/DSF | Discovered new exit (range 5) 12566 | -7/DSF | Sterilization system engaged 12586 | -7/DSF | Ambient heat levels rising (+10) 12590 | -7/DSF | Entered Factory 12590 | -6/Factory | Accompanied by 3 allies 12590 | -6/Factory | Evolved 2 slots: Power x1, Weapon x1 12784 | -6/Factory | Assembled infested ambush trap array 12868 | -6/Factory | Destroyed 7 combat bots 12879 | -6/Factory | Build established: Skirmisher 12940 | -6/Factory | First assault squad dispatched 13086 | -6/Factory | Lost 5 parts (1p2n2u) 13188 | -6/Factory | Cargo convoy interrupted 13717 | -6/Factory | Discovered new exit (range 15) 13742 | -6/Factory | Identified exit to Factory 13758 | -6/Factory | Entered another Factory area 13758 | -5/Factory | Evolved 2 slots: Propulsion x2 13907 | -5/Factory | Identified exit to DSF 13918 | -5/Factory | Entered DSF 13958 | -5/DSF | Additional patrols routed to DSF 13980 | -5/DSF | Discovered new exit (range 13) 14231 | -5/DSF | Sterilization system engaged 14251 | -5/DSF | Ambient heat levels rising (+10) 14266 | -5/DSF | Ambient heat levels rising (+10) 14281 | -5/DSF | Ambient heat levels rising (+10) 14296 | -5/DSF | Ambient heat levels rising (+10) 14311 | -5/DSF | Ambient heat levels rising (+10) 14326 | -5/DSF | Ambient heat levels rising (+10) 14341 | -5/DSF | Ambient heat levels rising (+10) 14356 | -5/DSF | Ambient heat levels rising (+10) 14371 | -5/DSF | Ambient heat levels rising (+10) 14384 | -5/DSF | Entered Factory 14384 | -4/Factory | Evolved 2 slots: Utility x2 14661 | -4/Factory | Build established: Scavenger-Tank 14825 | -4/Factory | Identified exit to Upper Caves 14825 | -4/Factory | Identified exit to Extension 15026 | -4/Factory | Entered Upper Caves 15101 | -4/Upper Caves | Met a Warlord Commander 15102 | -4/Upper Caves | Learned location of Warlord (-4) 15103 | -4/Upper Caves | Warlord Commander delivered Encrypted Comm Array 15106 | -4/Upper Caves | Found Encrypted Comm Array 15155 | -4/Upper Caves | Encountered a Warlord checkpoint 15433 | -4/Upper Caves | Discovered new exit (range 13) 15515 | -4/Upper Caves | Entered another Upper Caves area 15661 | -4/Upper Caves | System corruption reached 10% 15962 | -4/Upper Caves | Build established: Tank 16069 | -4/Upper Caves | Spotted B-86 Titan 16170 | -4/Upper Caves | Core integrity fell below 50% 16204 | -4/Upper Caves | Attracted the attention of an 0b10 base 16234 | -4/Upper Caves | Core integrity fell below 20% 16275 | -4/Upper Caves | Destroyed by S-27 Virus with Autogun Last Messages --------------- 16246_ Found Axe. 16246_ Found Core Analyzer. 16246_ Found Greatsword. 16246_ Found 70 Matter. 16246_ S-27 Virus triggered Fire Trap. 16246_ Burning plasma bursts from the floor. 16246_ S-27 Virus destroyed. 16247_ Acquired Greatsword. 16251_ Destroyed VTOL Module. 16251_ S-27 Virus destroyed. 16256_ System corrupted: IFF burst signal emitted. 16257_ S-27 Virus destroyed. 16259_ Autogun fries itself beyond repair. 16260_ Acquired 83 matter. 16261_ Greatsword destroyed. 16262_ Acquired Axe. 16265_ Autogun fries itself beyond repair. 16266_ VTOL Module fries itself beyond repair. Map ----- +----------------------------------------------------+ | ?????????????????????????????????????????????????? | | ?????????????????????????????????????????????????? | | ?????????????????????????????????????????????????? | | ?????????????????????????????????????????????????? | | ?????????????????????????????????????????????????? | | ?????????????????????????????????????????????????? | | ?????????????????????????????????????????????????? | | ?????????????????????????????????????????????????? | | ?????????????????????????????????????????????????? | | ?????????????????????????????????????????????????? | | ?????????????????????????????????????????????????? | | ?????????????????????????????????????????????????? | | ?????????????????????????????????????????????????? | | ?????????????????????????????????????????????????? | | ???????????????????????????????????????????????? | | ????????????????????????????????????????????????? | | ????????????????????????????????????????????????? | | ?????????????????????????????????????????????????? | | ?????????????????????????????????????????????????? | | ????????????????????????????????????# ???????????? | | ???????????????????????????????????? ???????????? | | ?????????????????????#######???????? ???????????? | | ?????????????????????#]] [[#???????? ???????????? | | ?????????????????????#]]!//#???????? ???????????? | | ?????????????????????#!! %s#???????? ???????????? | | ????????????????###??####@##????????% ?????????### | | ???????????????## #####X%#????????# ?????????# | | ???????????????# ## #????????# ????###### | | ??????????????????# % ##??????### ???## | | ??????????????????## ###???????? ??## ## | | ???????????????????# #?????????# #?## ### | | ???????????????????## ##????????# ### ### | | ????????????????????# #????????# % ## | | ????????????????????## ##???????## # | | ?????????????????????# ##???????# ### ## | | ????????????????????## ######### #?# #### | | ????????????????????# #?# #??# | | ????????????????????### #?# ??## | | ??????????????????????## #############?## ??### | | ???????????????????????####??????????????#####???? | | ?????????????????????????????????????????????????? | | ?????????????????????????????????????????????????? | | ?????????????????????????????????????????????????? | | ?????????????????????????????????????????????????? | | ?????????????????????????????????????????????????? | | ?????????????????????????????????????????????????? | | ?????????????????????????????????????????????????? | | ?????????????????????????????????????????????????? | | ?????????????????????????????????????????????????? | | ?????????????????????????????????????????????????? | +----------------------------------------------------+ Best States ------------- Heat Dissipation 75 Energy Generation 36 Energy Capacity 2210 Matter Stores 300 Matter Capacity 300 Sight Range 20 Terrain Scan Density 10 Jamming Range 14 Base Temperature (-) 100 Armor Coverage 2400 Phase Shifting 5 Evasion (%) 50 Recoil Reduction 6 Salvage Targeting 2 Offensive Hacking 24 Defensive Hacking 14 Item Schematics ----------------- Enh. Quantum Rifle | -4/Factory | Hacked Robot Schematics ------------------ None Fabricated ------------ Nothing Alien Tech Used ----------------- None Achievements -------------- None Challenges ------------ None Game ------ Seed IonFlyingDesublimator Manual? 0 Play Time 02:05:52 Cumulative 385.4 hours Start 2024.10.03 @ 21:29:12 End 2024.10.04 @ 17:33:56 Sessions 3 Manual Loads 0 Difficulty Rogue Special Mode None Game No. 384 Rogue 379 Adventurer 5 Explorer 0 Win Type - Total 8 Types 5/0/0/3/0/0/0/0/0 Lore% 79 Gallery% 84 Achievement% 71 Wizard Run 0 Options --------- Layout 1 ASCII 0 Keyboard 0 Movement Arrows Keybinds 0 Fullscreen 1 Font 24/Terminus Map View 50x35 Zoom Use 0% Tactical HUD 1 Map Filters NONE Filters NONE Steam 1 RUN: d1bf730d-69d4-44ea-bebe-b6c6a26f495e